 Dungeon Crawl Stone Soup version 0.28-a0-984-g3775c662fe (webtiles) character file.

Game seed: 3534650365908465439

0 spiderkeys the Skirmisher (level 1, -3/17 (18) HPs)
             Began as a Barachi Abyssal Knight on Dec 3, 2021.
             Was a Follower of Lugonu.
             Killed from afar by a shadow dragon (20 damage)
             ... with a bolt of negative energy
             ... on level 1 of the Abyss.
             The game lasted 00:00:33 (172 turns).

spiderkeys the Skirmisher (Barachi Abyssal Knight)   Turns: 172, Time: 00:00:34

HP:   -3/17 (18)    AC:  3    Str: 14    XL:     1   Next: 0%
MP:   2/2           EV: 11    Int: 10    God:    Lugonu [*.....]
Gold: 6             SH:  0    Dex: 12    Spells: 0/0 levels left

rFire   . . .      SeeInvis .   a - +1 hand axe
rCold   . . .      Faith    .   (no shield)
rNeg    + . .      Spirit   .   b - +0 leather armour
rPois   .          Reflect  .   (no helmet)
rElec   .          Harm     .   (no cloak)
rCorr   .          Rampage  .   (no gloves)
Will    .....                   (no boots)
Stlth   +.........              (no amulet)
HPRegen 0.05/turn               N - ring of positive energy
MPRegen 0.08/turn               (no ring)

@: unable to hop, drained, slow
A: amphibious, slowness 1, strong legs 1, +LOS
a: Hop, Renounce Religion, Depart the Abyss


You were on level 1 of the Abyss.
You worshipped Lugonu.
Lugonu was aware of your devotion.
You visited 0 branches of the dungeon, and saw 0 of its levels.
You visited the Abyss 1 time.

You collected 6 gold pieces.


Innate Abilities, Weirdness & Mutations

You are amphibious.
You cover ground slowly.
You can hop short distances.
You have an extended range of vision and can be seen from far away.


   Skills:
 + Level 3.6 Fighting
 + Level 2.1 Axes
 + Level 2.4 Armour
 + Level 1.1 Dodging
 + Level 1.5 Invocations


You couldn't memorise any spells.
You didn't know any spells.
Your spell library was empty.

Inventory:

Hand Weapons
 a - a +1 hand axe (weapon)
Armour
 b - a +0 leather armour (worn)
Jewellery
 N - a ring of positive energy (left hand)
   (You found it on level 1 of the Abyss)

Dungeon Overview and Level Annotations

Branches:
Dungeon (0/15)

Altars:

≈.≈..... .##
##≈..♣.# ..###
.###...###...#
..#.....#....#
...........§§# #
X.#.....#..D§###.#
.###...###...#≈.#
## ##. # ##5#≈≈≈#
.# #...# #..@≈≈≈#
..#.....#....##.#
.............#
#..#.#.4.....#
#..#.§..#..# #
..#..##...# ...#
..## .#. ..#. . .#


You could see a shadow dragon (catching breath), a chaos spawn and a quasit.


Message History

🤖 Initializing magus.rc ... ✅ Successfully initialized magus.rc [v1.9.10] Welcome, spiderkeys the Barachi Abyssal Knight.
It is said that the Orb of Zot exists deep within this dungeon.
Lugonu says: Depart the Abyss and spread corruption, my servant! (use the ability menu to exit the Abyss) Press ? for a list of commands and other information.
Found a robe and a spear.
Found a corrupted altar of Lugonu.
There is a corrupted altar of Lugonu here.
There is a corrupted altar of Lugonu here.
You now have 6 gold pieces.
A large abomination comes into view.
A quasit comes into view.
A tentacled starspawn comes into view.
Tentacles burst from the starspawn's body! 2 starspawn tentacles come into view.
You see here a ring of positive energy.
N - a ring of positive energy
N - a ring of positive energy (left hand)
A tentacle flies out from the starspawn's body!
A starspawn tentacle comes into view.
Hop to where?
Press: ? - help, Dir - move target Boing!
A chaos spawn comes into view.
The chaos spawn squeals angrily.
The shadow dragon breathes negative energy at you.
The bolt of negative energy hits the quasit.
The quasit completely resists.
The bolt of negative energy hits you!! You partially resist.
You feel drained.
Ouch! That really hurt!
You die...

Action                   || total
-------------------------++-------
 Abil: Hop               ||     1

Levels and vault maps discovered:
Abyss:1:  base: Temple, base: Temple, abyss_greek_temple

Notes
Turn   | Place    | Note
-------+----------+-------------------------------------------
     0 | Abyss:1  | spiderkeys the Barachi Abyssal Knight began the quest for
                  | the Orb.
     0 | Abyss:1  | Reached XP level 1. HP: 18/18 MP: 2/2
     0 | Abyss:1  | magus.rc [v1.9.10]
   120 | Abyss:1  | Noticed a large abomination
   156 | Abyss:1  | Noticed a quasit
   157 | Abyss:1  | Noticed a tentacled starspawn
   170 | Abyss:1  | Noticed a shadow dragon
   171 | Abyss:1  | Noticed a chaos spawn
   172 | Abyss:1  | Killed from afar by a shadow dragon

Vanquished Creatures (others)
  A plant (Abyss:1)
  3 starspawn tentacles (Abyss:1)
4 creatures vanquished.

Table legend:
 A = Non-vault XP
 B = Vault XP
 C = Vault XP percentage of total XP
 D = Non-vault monster count
 E = Vault monster count
 F = Vault count percentage of total count
                 A         B        C        D         E       F
            +---------+---------+-------+---------+---------+-------
      Total |       0 |       0 |   N/A |       0 |       0 |  -nan
            +---------+---------+-------+---------+---------+-------
            +---------+---------+-------+---------+---------+-------

Illustrated notes

Table legend: (Time is in decaauts)
 A = Elapsed time spent in this place.
 B = Non-inter-level travel time spent in this place.
 C = Inter-level travel time spent in this place.
 D = Time resting spent in this place.
 E = Time spent auto-exploring this place.
 F = Levels seen in this place.
 G = Mean time per level.
                   A        B        C        D        E       F      G
               +--------+--------+--------+--------+--------+-----+--------+
         Total |    205 |    205 |      0 |      0 |    143 |   1 |  205.0 |
         Abyss |    205 |    205 |      0 |      0 |    143 |   1 |  205.0 |
               +--------+--------+--------+--------+--------+-----+--------+

Top non-repeatable levels by time:
 Abyss:1: 205 daAuts
